 Dungeon Crawl Stone Soup version 0.26-a0-542-gbaa144ba5c (webtiles) character file.

Game seed: 12806639114075328679

51 Aksej the Chopper (level 3, 0/29 HPs)
             Began as a Demonspawn Gladiator on Aug 17, 2020.
             Slain by a gnoll
             ... wielding a +0 halberd
              (2 damage)
             ... on level 2 of the Dungeon.
             The game lasted 00:03:34 (1506 turns).

Aksej the Chopper (Demonspawn Gladiator)            Turns: 1506, Time: 00:03:35

Health: 0/29       AC:  8    Str: 12 (14) XL:     3   Next: 58%
Magic:  3/3        EV: 13    Int:  6 (9)  God:
Gold:   111        SH:  0    Dex: 15 (17) Spells: 2/2 levels left

rFire    + . .     SeeInvis .   a - +0 war axe
rCold    + . .     Faith    .   (no shield)
rNeg     . . .     Spirit   .   b - +0 leather armour
rPois    .         Reflect  .   c - +0 helmet
rElec    +         Harm     .   d - +1 cloak
rCorr    .                      (no gloves)
MR       .....                  (no boots)
Stlth    +.........             (no amulet)
HPRegen  0.09/turn              (no ring)
MPRegen  0.08/turn              (no ring)

@: stab
A: rugged brown scales 2, agile 1, cold resistance 1, fire resistance 1,
electricity resistance
a: no special abilities


You were on level 2 of the Dungeon.
You visited 1 branch of the dungeon, and saw 2 of its levels.

You collected 111 gold pieces.

Inventory:

Hand Weapons
 a - a +0 war axe (weapon)
Armour
 b - a +0 leather armour (worn)
 c - a +0 helmet (worn)
 d - a +1 cloak (worn)
Scrolls
 g - a scroll of remove curse


   Skills:
 + Level 2.3 Fighting
 * Level 3.3 Axes
 + Level 2.1 Throwing
 + Level 1.1 Armour
 + Level 3.0 Dodging


You had 2 spell levels left.
You didn't know any spells.
Your spell library was empty.

Dungeon Overview and Level Annotations

Branches:
Dungeon (2/15)

Altars:


Innate Abilities, Weirdness & Mutations

You are mostly covered in rugged brown scales. (AC +2, +5% HP)
You are agile. (Dex +2)
Your flesh is cold resistant. (rC+)
Your flesh is heat resistant. (rF+)
You are resistant to electric shocks. (rElec)


Message History

You feel insulated.
You feel resistant to heat.
You feel agile.
You feel resistant to cold.
The gnoll hits you from afar with a +0 halberd!
* * * LOW HITPOINT WARNING * * *
The gnoll misses you.
It was a potion of stabbing.
You feel ready to backstab.
You feel better. The gnoll closely misses you. The gnoll completely misses you.
You hit the gnoll.
The gnoll is severely wounded.
The gnoll hits you with a cursed -2 club!
* * * LOW HITPOINT WARNING * * *
The gnoll hits you but does no damage. x2
You hit the gnoll.
The gnoll is almost dead.
The gnoll hits you but does no damage. The gnoll closely misses you.
You barely miss the gnoll.
The gnoll is almost dead.
The gnoll hits you from afar with a +0 halberd.
You die...

#########
......... ..#
......># #.#
...###.# #.#
##.# #(# #g#
...# #.# #g#
#..# #.# #g#
#[.###.### #g#
#..).....# #@#
.......#.#
#.###
...#####.#
#...# ...# #.#
###.# #..#
#.### #.#
#..#####...###
#.#
.............#
#.#
##.#######.#.#
#.# #.# #.#.#
#.#


You could see 4 gnolls.

Vanquished Creatures
  3 dart slugs (D:1)
  A ball python (D:1)
  3 giant cockroaches
  4 goblins
  10 hobgoblins
  9 kobolds
  6 bats
  A frilled lizard (D:1)
  3 rats (D:1)
40 creatures vanquished.

Notes
Turn   | Place    | Note
-------+----------+-------------------------------------------
     0 | D:1      | Aksej the Demonspawn Gladiator began the quest for the Orb.
     0 | D:1      | Reached XP level 1. HP: 16/16 MP: 1/1
    41 | D:1      | Gained mutation: You are partially covered in rugged brown
                  | scales. (AC +1, +3% HP) [demonic ancestry]
    41 | D:1      | Reached XP level 2. HP: 10/22 MP: 2/2
   557 | D:1      | Gained mutation: You are mostly covered in rugged brown
                  | scales. (AC +2, +5% HP) [demonic ancestry]
   557 | D:1      | Reached XP level 3. HP: 19/28 MP: 3/3
   753 | D:1      | Reached skill level 1 in Armour
  1501 | D:2      | Gained mutation: You are resistant to electric shocks.
                  | (rElec) [potion of mutation]
  1501 | D:2      | Gained mutation: Your flesh is heat resistant. (rF+)
                  | [potion of mutation]
  1501 | D:2      | Gained mutation: You are agile. (Dex +2) [potion of
                  | mutation]
  1501 | D:2      | Gained mutation: Your flesh is cold resistant. (rC+)
                  | [potion of mutation]
  1506 | D:2      | Slain by a gnoll

Illustrated notes

Levels and vault maps discovered:
D:1:      elethiomel_arrival_infinity_welcomes_careful_drivers, layout_rooms
D:2:      layout_loops_ring, uniq_natasha

Skill      XL: |  1  2  3 |
---------------+----------+-----
Axes           | 3 |  3.3
Throwing       | 2 |  2.1
Armour         | 1 |  1.1
Dodging        | 3 |  3.0
Fighting       | |  2.3

Action                   || total
-------------------------++-------
Melee: War axe           ||   103
Throw: Throwing net      ||     8
  Use: Scroll            ||     6
       Potion            ||     6
 Stab: Held in net/web   ||     2
       Sleeping          ||     1
Armor: Leather armour    ||    31
Dodge: Dodged            ||    84

Table legend: (Time is in decaauts)
 A = Elapsed time spent in this place.
 B = Non-inter-level travel time spent in this place.
 C = Inter-level travel time spent in this place.
 D = Time resting spent in this place.
 E = Time spent auto-exploring this place.
 F = Levels seen in this place.
 G = Mean time per level.
                   A        B        C        D        E       F      G
               +--------+--------+--------+--------+--------+-----+--------+
         Total |   1520 |   1504 |     16 |      0 |   1226 |   2 |  760.0 |
       Dungeon |   1520 |   1504 |     16 |      0 |   1226 |   2 |  760.0 |
               +--------+--------+--------+--------+--------+-----+--------+

Top non-repeatable levels by time:
     D:1: 1193 daAuts
     D:2: 327 daAuts
